 Dungeon Crawl Stone Soup version 0.30.1-11-g7821555f0a (webtiles) character file.

Game seed: 14949449156961903578

253 Peloso the Covered (level 5, -7/46 HPs)
             Began as a Minotaur Fighter on Jan 17, 2024.
             Mangled by an orc warrior
             ... wielding a +0 trident
              (13 damage)
             ... on level 4 of the Dungeon.
             The game lasted 00:05:05 (3247 turns).

Peloso the Covered (Minotaur Fighter)               Turns: 3247, Time: 00:05:05

Health: -7/46      AC: 10    Str: 20    XL:     5   Next: 90%
Magic:  4/4        EV:  8    Int:  5    God:
Gold:   231        SH:  5    Dex: 12    Spells: 4/4 levels left

rFire   + . .        a - +0 long sword
rCold   . . .        d - +0 buckler
rNeg    . . .        c - +0 chain mail
rPois   .            (helmet restricted)
rElec   .            (no cloak)
rCorr   +            (no gloves)
SInv    .            (no boots)
Will    .....        (no amulet) Stlth
                     t - ring of resist corrosion
HPRegen 0.27/turn    s - ring of protection from fire
MPRegen 0.09/turn

%: no passive effects
@: no status effects
A: horns 2, retaliatory headbutt
a: no special abilities


You were on level 4 of the Dungeon.
You visited 1 branch of the dungeon, and saw 4 of its levels.

You collected 231 gold pieces.

Inventory:

Hand Weapons
 a - a +0 long sword (weapon)
Armour
 b - a +0 scale mail
 c - a +0 chain mail (worn)
 d - a +0 buckler (worn)
Jewellery
 i - a +6 ring of strength
 s - a ring of protection from fire (right hand)
 t - a ring of resist corrosion (left hand)
 w - a +6 ring of dexterity
Wands
 p - a wand of roots (14)
Scrolls
 e - 6 scrolls of identify
 f - 3 scrolls of fear {unknown}
 g - a scroll of enchant weapon {unknown}
 k - 2 scrolls of amnesia {unknown}
 l - a scroll of magic mapping {unknown}
 m - a scroll of silence {unknown}
 n - 2 scrolls of teleportation
 o - 3 scrolls of noise {unknown}
Potions
 h - a potion of berserk rage
 j - a potion of resistance
 q - a potion of might
 r - a potion of mutation
 u - a potion of brilliance {unknown}
 v - a potion of curing {unknown}


   Skills:
 + Level 4.2 Fighting
 + Level 4.5 Long Blades
 + Level 5.7 Armour
 + Level 1.3 Dodging
 + Level 0.7 Stealth
 + Level 4.1 Shields


You had 4 spell levels left.
You didn't know any spells.
Your spell library contained the following spells:

 Spells                   Type           Power      Damage    Failure   Level
 Sting                    Tmut/Pois      0%         1d3       99%         1
 Poisonous Vapours        Pois/Air       0%         N/A       100%        2
 Inner Flame              Hex/Fire       0%         N/A       100%        3
 Flame Wave               Conj/Fire      0%         2d4       100%        4
 Olgreb's Toxic Radiance  Pois           0%         N/A       100%        4
 Sticky Flame             Conj/Fire      0%         2d3       100%        4


Dungeon Overview and Level Annotations

Branches:
Dungeon (4/15)
 Temple: D:4-7

Altars:


Innate Abilities, Weirdness & Mutations

You have a pair of horns on your head.
You reflexively headbutt those who attack you in melee.


Message History

Roots grab the orc warrior.
The grasping roots constrict the orc warrior.
You hear a shout!
The orc warrior struggles to escape constriction.
The grasping roots constrict the orc warrior.
The roots release their grip on the orc warrior.
The orc warrior throws a stone.
The stone hits you.
Aiming: Fastroot
Press: ? - help, Shift-Dir - straight line, f/p - orc warrior
Aim: an orc warrior, wielding a +0 trident, wearing a +0 chain mail and quivering stones (moderately wounded)
The roots erupt in riotous growth!
Roots grab the orc warrior.
The grasping roots constrict the orc warrior, but do no damage.
The orc warrior struggles to escape constriction.
The roots lose their grip on something.
Aiming: Fastroot
Press: ? - help, Shift-Dir - straight line, f/p - orc warrior
Aim: an orc warrior, wielding a +0 trident, wearing a +0 chain mail and quivering stones (moderately wounded)
The roots erupt in riotous growth!
Roots grab the orc warrior.
The grasping roots constrict the orc warrior, but do no damage.
You hear a shout! x2
The orc warrior throws a stone.
The stone hits you but does no damage.
The grasping roots constrict the orc warrior.
The orc warrior throws a stone.
You block the stone.
The grasping roots constrict the orc warrior.
The roots release their grip on the orc warrior.
The orc warrior barely misses you.
The orc warrior hits you with a +0 trident.
You hit the orc warrior.
The orc warrior is severely wounded.
The orc warrior hits you with a +0 trident! x2
* * * LOW HITPOINT WARNING * * *
You barely miss the orc warrior. You headbutt the orc warrior!
The orc warrior is almost dead.
The orc warrior hits you but does no damage.
You completely miss the orc warrior.
The orc warrior is almost dead.
The orc warrior hits you with a +0 trident!
You die...

#.# #.# ......#
#.# #)# #######
#.# #.# #.# #.#
#.# #.# #.# #.#
#.# #.#
#.###########o#
#...........@.#
###############


You could see an orc warrior.

Vanquished Creatures
  An orc priest (D:4)
  Ijyb (D:4)
  An orc wizard (D:4)
  6 adders
  3 worms
  4 dart slugs
  2 orcs (D:4)
  11 endoplasms
  8 giant cockroaches
  6 goblins
  6 hobgoblins
  8 jackals
  8 kobolds
  A quokka (D:2)
  13 ball pythons
  9 bats
  2 frilled lizards (D:3)
  7 rats
97 creatures vanquished.

Notes
Turn   | Place    | Note
-------+----------+-------------------------------------------
     0 | D:1      | Peloso the Minotaur Fighter began the quest for the Orb.
     0 | D:1      | Reached XP level 1. HP: 19/19 MP: 0/0
   142 | D:1      | Reached XP level 2. HP: 25/27 MP: 1/1
   144 | D:1      | Reached skill level 4 in Armour
   334 | D:1      | Reached XP level 3. HP: 32/33 MP: 2/2
  1004 | D:2      | Reached XP level 4. HP: 38/40 MP: 3/3
  1693 | D:3      | Reached skill level 1 in Dodging
  2247 | D:3      | Reached skill level 5 in Armour
  2247 | D:3      | Reached XP level 5. HP: 46/46 MP: 4/4
  2912 | D:4      | Noticed Ijyb
  2924 | D:4      | Killed Ijyb
  3215 | D:4      | Noticed an orc warrior
  3247 | D:4      | Mangled by an orc warrior

Illustrated notes

Levels and vault maps discovered:
D:1:      lordsloth_arrival_two_stooges, layout_basic, serial_forest,
          infiniplex_forest_lined_3, infiniplex_forest_straight_3,
          infiniplex_forest_zigzag_2, infiniplex_forest_clump_tiny,
          infiniplex_forest_straight_1, minivault_23
D:2:      layout_basic
D:3:      layout_basic
D:4:      layout_basic, guppyfry_early_orc_mine, uniq_ijyb

Skill      XL: |  1  2  3  4 |
---------------+-------------+-----
Armour         | 4 5 |  5.7
Long Blades    | 3 4 |  4.5
Shields        | 4 |  4.1
Fighting       | 4 |  4.2
Dodging        | 1 |  1.3
Stealth        | |  0.7

Action                     |  1- 3 |  4- 6 || total
---------------------------+-------+-------++-------
  Melee: Long sword        |    75 |   120 ||   195
         Headbutt          |     8 |    16 ||    24
  Evoke: Wand              |       |     5 ||     5
    Use: Potion            |     3 |       ||     3
         Scroll            |       |     3 ||     3
 Armour: Scale mail        |    38 |    12 ||    50
         Chain mail        |       |    44 ||    44
  Dodge: Dodged            |    67 |    43 ||   110
  Block: Buckler           |    18 |    25 ||    43
